 Dungeon Crawl Stone Soup version 0.21.0-3-g78d12a8 (webtiles) character file.

932 Coron the Covered (level 7, -2/62 HPs)
             Began as a Deep Dwarf Monk on Jan 12, 2018.
             Was a Believer of Elyvilon.
             Slain by a gnoll sergeant
             ... wielding a +0 spear
              (5 damage)
             ... on level 6 of the Dungeon.
             The game lasted 00:16:25 (4714 turns).

Coron the Covered (Deep Dwarf Monk)                 Turns: 4714, Time: 00:16:25

Health: -2/62      AC: 12    Str: 16      XL:     7   Next: 86%
Magic:  1/2        EV:  6    Int: 14      God:    Elyvilon [**....]
Gold:   255        SH: 10    Dex: 14 (15) Spells: 6/6 levels left

rFire    . . .     SeeInvis .   a - +0 hand axe
rCold    . . .     Gourm    .   d - +0 shield
rNeg     . . .     Faith    .   y - +0 chain mail
rPois    +         Spirit   .   (no helmet)
rElec    .         Reflect  .   (no cloak)
rCorr    .         Harm     .   F - +1 pair of gloves
MR       +....                  (no boots)
Stlth    ..........             (no amulet)
HPRegen  0.00/turn              o - ring of poison resistance
MPRegen  0.08/turn              t - +3 ring of intelligence

@: non-regenerating
A: damage resistance, heal wounds, sense surroundings 1, no regeneration
a: Heal Wounds, Lesser Healing, Heal Other, Divine Protection, Renounce Religion


You were on level 6 of the Dungeon.
You worshipped Elyvilon.
Elyvilon was pleased with you.
You were not hungry.

You visited 2 branches of the dungeon, and saw 7 of its levels.

You collected 255 gold pieces.

Inventory:

Hand Weapons
 a - a +0 hand axe (weapon)
Missiles
 v - 2 tomahawks (quivered)
Armour
 d - a +0 shield (worn)
 y - a +0 chain mail (worn)
 C - a +3 leather armour
 F - a +1 pair of gloves (worn)
Jewellery
 n - an uncursed ring of fire
 o - a ring of poison resistance (left hand)
 t - a +3 ring of intelligence (right hand)
 u - a +3 ring of intelligence
Wands
 E - a wand of disintegration (11)
Scrolls
 f - a scroll of enchant armour {unknown}
 g - a scroll of enchant weapon {unknown}
 h - a scroll of identify
 i - a scroll of fear {unknown}
 k - a scroll of blinking {unknown}
 l - a scroll of magic mapping
 m - a scroll of teleportation
 r - 2 scrolls of remove curse {unknown}
 w - a scroll of amnesia
 z - a scroll of noise {unknown}
Potions
 e - a potion of lignification
 j - a potion of magic
 p - a potion of brilliance
 s - a potion of curing {unknown}
 A - a potion of mutation {unknown}
 B - 2 potions of heal wounds {unknown}
Comestibles
 c - 9 rations
 q - a chunk of flesh


   Skills:
 - Level 3.2 Fighting
 - Level 4.0 Axes
 + Level 6.1 Armour
 - Level 3.4 Dodging
 - Level 2.7 Stealth
 + Level 6.0 Shields
 + Level 2.7 Invocations


You had 6 spell levels left.
You didn't know any spells.

Dungeon Overview and Level Annotations

Branches:
Dungeon (6/15)             Temple (1/1) D:5

Altars:
Ashenzari
Cheibriados
Dithmenos
Elyvilon
Fedhas
Gozag
Hepliaklqana
Kikubaaqudgha
Nemelex Xobeh
Qazlal
Ru
Sif Muna
Trog
Vehumet
Wu Jian
Xom
Yredelemnul
Zin
The Shining One

Shops:
D:6 :

Annotations:
D:3 Yore's ghost, amateur TrMo
D:4 menafury, exclusion: black bear, Menkaure


Innate Abilities, Weirdness & Mutations

You are resistant to damage.
You can heal yourself by infusing magical energy.
You passively map a small area around you.
You do not regenerate.


Message History

A gnoll comes into view. It is wielding a flail.
The ogre completely misses you.
You barely miss the gnoll.
The gnoll is heavily wounded.
The gnoll hits you but does no damage.
Your chain mail prevents you from hitting the gnoll.
The gnoll is heavily wounded.
Your shield and chain mail prevent you from hitting the ogre.
The gnoll hits you but does no damage. The ogre hits you with a giant club!
* * * LOW HITPOINT WARNING * * *
The gnoll barely misses you.
You hit the gnoll.
The gnoll is severely wounded.
You hit the ogre. The gnoll hits you but does no damage.
The ogre barely misses you.
You slash the gnoll!
You kill the gnoll!
You completely miss the ogre.
The gnoll sergeant hits you from afar with a spear!
You die...

#.#.###.#..##.#
########.#.###.......#
#........#........####
#.###.###########<#
#.# #.....## #.# #.#
#..[...# #.#
#.###.._...# #.#
###.##.......# #..
#...##...@...# ###,
#.####.#O....# * #.#
#...g...# , , #.#
###..g..# ###.###
###.###*, , #.....#
#g# * #.###.# #.# ,
#.# #.# ####g####
#.###.# #.......# *,*


You could see an ogre, a gnoll sergeant and 3 gnolls.

Vanquished Creatures
  Blork the orc (D:4)
  2 bullfrogs
  A quasit (D:6)
  2 hounds (D:5)
  2 orc priests
  2 bullfrog skeletons
  4 orc wizards
  5 worker ants
  A hound zombie (D:5)
  10 gnolls
  7 adders
  2 shadow imps (D:5)
  2 oozes
  2 dart slugs (D:2)
  5 leopard geckos
  15 orcs
  A ball python (D:4)
  5 giant cockroaches
  6 hobgoblins
  7 jackals
  7 kobolds
  2 quokkas
  3 bats
  4 frilled lizards
  12 goblins
  A jackal skeleton (D:4)
  2 leopard gecko zombies (D:6)
  6 rats
  2 rat zombies (D:3)
121 creatures vanquished.

Notes
Turn   | Place    | Note
-------+----------+-------------------------------------------
     0 | D:1      | Coron the Deep Dwarf Monk began the quest for the Orb.
     0 | D:1      | Reached XP level 1. HP: 20/20 MP: 1/1
   100 | D:1      | Reached XP level 2. HP: 27/27 MP: 2/2
   448 | D:1      | Reached skill level 1 in Armour
   448 | D:1      | Reached XP level 3. HP: 32/34 MP: 3/3
   922 | D:2      | Reached skill level 1 in Shields
   940 | D:2      | Reached XP level 4. HP: 33/42 MP: 4/4
  1265 | D:2      | Found a deep blue altar of Sif Muna.
  1770 | D:3      | Found an ornate altar of the Wu Jian Council.
  1772 | D:3      | Found a shimmering altar of Xom.
  1772 | D:3      | Found a sparkling altar of Nemelex Xobeh.
  1774 | D:3      | Found an opulent altar of Gozag.
  1774 | D:3      | Found a sacrificial altar of Ru.
  1774 | D:3      | Found a radiant altar of Vehumet.
  1774 | D:3      | Noticed Yore's ghost (amateur TrMo)
  1820 | D:2      | Reached XP level 5. HP: 28/49 MP: 5/5
  2346 | D:3      | Found an ancient bone altar of Kikubaaqudgha.
  2434 | D:4      | Noticed Blork the orc
  2565 | D:4      | Noticed Menkaure
  2796 | D:4      | Reached XP level 6. HP: 56/56 MP: 5/5
  2938 | D:4      | Killed Blork the orc
  3022 | D:4      | Found a glowing golden altar of the Shining One.
  3324 | D:5      | Entered Level 5 of the Dungeon
  3339 | D:5      | Reached skill level 5 in Armour
  3339 | D:5      | Reached XP level 7. HP: 33/62 MP: 5/5
  3406 | D:5      | Found a basalt altar of Yredelemnul.
  3506 | D:5      | Reached skill level 5 in Shields
  3744 | D:5      | Found a white marble altar of Elyvilon.
  3762 | D:5      | Became a worshipper of Elyvilon the Healer
  3762 | D:5      | Reached * piety under Elyvilon
  3762 | D:5      | Reached ** piety under Elyvilon
  3971 | D:5      | Found a staircase to the Ecumenical Temple.
  3994 | Temple   | Entered the Ecumenical Temple
  4203 | D:5      | Reached skill level 1 in Invocations
  4416 | D:6      | Found Ugrijouck's Book Shoppe.
  4592 | D:6      | Found a sacrificial altar of Ru.
  4712 | D:6      | HP: 3/62 [ogre/giant club (9)]
  4714 | D:6      | Slain by a gnoll sergeant

Skill      XL: |  1  2  3  4  5  6  7 |
---------------+----------------------+-----
Fighting       | 3 |  3.2
Armour         | 1 2 3 5 6 |  6.1
Axes           | 4 |  4.0
Shields        | 1 2 3 4 6 |  6.0
Invocations    | 2 |  2.7
Dodging        | |  3.4
Stealth        | |  2.7

Action                   |  1- 3 |  4- 6 |  7- 9 || total
-------------------------+-------+-------+-------++-------
Melee: Hand axe          |    90 |   306 |   194 ||   590
 Abil: Heal Wounds       |       |    12 |     7 ||    19
  Use: Scroll            |     1 |     6 |     2 ||     9
       Potion            |       |     1 |     1 ||     2
 Stab: Sleeping          |     5 |     6 |     1 ||    12
  Eat: Chunk             |       |     8 |     5 ||    13
Armor: Robe              |    16 |    25 |       ||    41
       Leather armour    |       |    27 |    79 ||   106
       Chain mail        |       |       |    12 ||    12
Dodge: Dodged            |    75 |   234 |   106 ||   415
Block: Shield            |       |    39 |   118 ||   157
